 Dungeon Crawl Stone Soup version 0.30.0-29-ga12c61a403 (webtiles) character file.

Game seed: 16945716768156489968

9467 Graphine the Nimble (level 11, -2/90 HPs)
             Began as a Merfolk Gladiator on June 13, 2023.
             Was an Initiate of Gozag.
             Slain by a sun demon (16 damage)
             ... summoned by an orc high priest
             ... on level 2 of the Orcish Mines.
             The game lasted 00:32:10 (9265 turns).

Graphine the Nimble (Merfolk Gladiator)             Turns: 9265, Time: 00:32:11

Health: -2/90      AC: 18    Str: 17    XL:     11   Next: 46%
Magic:  15/15      EV: 19    Int:  2    God:    Gozag
Gold:   714        SH:  0    Dex: 21    Spells: 14/16 levels left

rFire   . . .        j - +1 battleaxe
rCold   + . .        (shield currently unavailable)
rNeg    . . .        o - +5 ring mail of Mumblety Peg {Regen+ Int-5 Dex+3 Stlth+}
rPois   .            c - +2 helmet
rElec   .            k - scarf {shadows}
rCorr   .            (no gloves)
SInv    .            s - +0 pair of boots
Will    .....        (no amulet)
Stlth   +++++        l - ring of flight
HPRegen 1.15/turn    f - ring of the Republic {AC+4 Slay+2}
MPRegen 0.14/turn

%: no passive effects
@: flying, studying Axes, unable to read
A: (nimble swimmer 2), mertail, cold resistance 1, no potion heal 1, inability
to read after injury 1
a: Renounce Religion, Potion Petition, Call Merchant, Bribe Branch


You were on level 2 of the Orcish Mines.
You worshipped Gozag.
Gozag was pleased with you.
You visited 3 branches of the dungeon, and saw 13 of its levels.

You collected 1558 gold pieces.
You spent 719 gold pieces at shops.
You paid 125 gold pieces to Gozag.

Inventory:

Hand Weapons
 a - a +1 long sword
 i - a +1 dagger of flaming
 j - a +1 battleaxe (weapon)
 q - a +0 war axe
Missiles
 d - 2 throwing nets
 e - a javelin
 r - 6 poisoned darts
 x - 2 atropa-tipped darts
 y - 11 boomerangs (quivered)
 B - 2 curare-tipped darts
Armour
 c - a +2 helmet (worn)
 k - a scarf of shadows (worn)
 o - the +5 ring mail of Mumblety Peg (worn) {Regen+ Int-5 Dex+3 Stlth+}
   (You found it on level 2 of the Dungeon)

   Int:       It affects your intelligence (-5).
   Dex:       It affects your dexterity (+3).
   Regen:     It increases your rate of health regeneration.
   Stlth:     It makes you more stealthy.
 s - a +0 pair of boots (worn)
Jewellery
 f - the ring of the Republic (right hand) {AC+4 Slay+2}
   (You bought it in a shop on level 7 of the Dungeon)

   [ring of protection]

   AC:        It affects your AC (+4).
   Slay:      It affects your accuracy & damage with ranged weapons and melee
   (+2).
 h - an amulet of regeneration
 l - a ring of flight (left hand)
 w - a ring of fire
Wands
 v - a wand of roots (11)
 F - a wand of flame (8)
Scrolls
 t - 3 scrolls of fog
 E - 4 scrolls of teleportation
 G - a scroll of magic mapping
Potions
 g - 3 potions of magic
 m - a potion of lignification
 n - 4 potions of flight
 p - 2 potions of attraction
 u - a potion of curing
 A - a potion of degeneration
 C - a potion of cancellation


   Skills:
 * Level 10.0 Fighting
 - Level 4.4 Long Blades
 * Level 10.2 Axes
 - Level 2.0 Throwing
 * Level 12.2 Dodging
 * Level 8.9 Stealth
 - Level 3.0 Spellcasting
 - Level 3.0 Transmutations


You had 14 spell levels left.
You knew the following spells:

 Your Spells              Type           Power      Damage    Failure   Level
a - Wereblood             Tmut           1%         N/A       36%         2

Your spell library contained the following spells:

 Spells                   Type           Power      Damage    Failure   Level
 Beastly Appendage        Tmut           2%         N/A       26%         1
 Sting                    Tmut/Pois      0%         1d3       43%         1
 Passwall                 Tmut/Erth      0%         N/A       58%         2
 Foxfire                  Conj/Fire      0%         2x1d4     65%         1
 Ensorcelled Hibernation  Hex/Ice        0%         N/A       80%         2
 Lesser Beckoning         Tloc           0%         N/A       80%         2
 Poisonous Vapours        Pois/Air       0%         N/A       80%         2
 Sublimation of Blood     Necr           0%         N/A       80%         2
 Spider Form              Tmut/Pois      0%         N/A       82%         3
 Call Canine Familiar     Summ           0%         N/A       95%         3
 Gell's Gravitas          Tloc           0%         N/A       95%         3
 Portal Projectile        Hex/Tloc       0%         N/A       95%         3
 Swiftness                Air            0%         N/A       95%         3
 Teleport Other           Tloc           0%         N/A       95%         3
 Leda's Liquefaction      Hex/Erth       0%         N/A       100%        4
 Olgreb's Toxic Radiance  Pois           0%         N/A       100%        4
 Fireball                 Conj/Fire      0%         3d3       100%        5
 Plasma Beam              Fire/Air       0%         2x1d11    100%        6
 Starburst                Conj/Fire      0%         6d3       100%        6
 Summon Hydra             Summ           0%         N/A       100%        7


Dungeon Overview and Level Annotations

Branches:
Dungeon (10/15)            Temple (1/1) D:7            Lair (0/5) D:9
    Orc (2/2) D:9             Elf (0/3) Orc:2

Altars:
Ashenzari
Cheibriados
Dithmenos
Elyvilon
Fedhas
Gozag
Hepliaklqana
Kikubaaqudgha
Makhleb
Nemelex Xobeh
Okawaru
Qazlal
Ru
Sif Muna
Trog
Uskayaw
Vehumet
Wu Jian
Xom
Yredelemnul
Zin
The Shining One

Shops:
D:7 =   D:9 *


Innate Abilities, Weirdness & Mutations

((You are very nimble when in or above water. (Stealth+, EV+, Speed+++)))
Your lower body shifts to a powerful aquatic tail in water.
Your flesh is cold resistant. (rC+)
Potions are less effective at restoring your health.
You occasionally lose the ability to read scrolls when taking damage.


Message History

The orc high priest is moderately wounded.
The orc high priest utters an invocation to Beogh.
You hit the orc high priest.
The orc high priest is moderately wounded.
You hit the sun demon but do no damage.
The orc high priest hits you but does no damage.
The sun demon closely misses you.
The orc high priest mumbles some strange prayers to Beogh against you.
Beogh smites you!
You feel threatened and lose the ability to read scrolls!
An orc comes into view. It is wielding a +0 club.
You hit the orc high priest.
The orc high priest is moderately wounded.
You hit the sun demon.
You can read scrolls again.
The sun demon closely misses you. The orange demon stings you from afar!
* * * LOW HITPOINT WARNING * * *
The orc high priest hits you but does no damage.
Okay, then.
Blink to where?
Press: ? - help, Dir - move target
As you read the scroll of blinking, it crumbles to dust.
A sun demon is nearby!
You closely miss the sun demon. The sun demon hits you!
You are engulfed in flames!!
You feel threatened and lose the ability to read scrolls!
* * * LOW HITPOINT WARNING * * *
Your system partially rejects the healing.
You feel much better. The sun demon barely misses you.
You slash the sun demon!
The sun demon is lightly wounded.
The sun demon misses you.
The sun demon hits you but does no damage.
You barely miss the sun demon.
The sun demon is lightly wounded.
The sun demon hits you!
* * * LOW HITPOINT WARNING * * *
You are engulfed in flames!
You die...
Your body crumbles into a pile of gold.

.. ..# #....... #.
##.# #........ #.#
#........
#.#######.........
...............
........#......
#######........
#.3.......
##@.......
##.......
##........ $ .#
##.........
...##..........
.....#...##.##.. $
..........### .
...........###
.............##


You could see a sun demon (summoned).

Vanquished Creatures
  An orc high priest (Orc:2)
  An orc sorcerer (Orc:2)
  A troll (Orc:1)
  A vampire (D:9)
  12 yaks
  A shadow (D:9)
  A wyvern (D:9)
  4 steam dragons
  Menkaure (D:7)
  Grum (D:9)
  Edmund (D:5)
  6 wargs (Orc:2)
  4 water moccasins
  A black bear (D:9)
  7 orc warriors
  3 ice beasts
  4 wolves (D:9)
  An ogre (D:7)
  A phantom (D:7)
  A centaur (D:8)
  5 bullfrogs
  2 gnoll sergeants
  3 scorpions
  A wight (D:9)
  8 killer bees (D:9)
  3 vampire bats (D:5)
  5 hounds
  3 jellies
  13 orc priests
  A gnoll bouda (D:4)
  2 sleepcaps
  An iguana (D:4)
  12 orc wizards
  Natasha (D:4)
  5 adders
  16 gnolls
  2 shadow imps
  A white imp (D:7)
  A worm (D:3)
  3 dart slugs
  50 orcs
  9 ball pythons
  6 bats
  2 bat skeletons (D:5)
  3 bat zombies (D:5)
  5 endoplasms
  4 giant cockroaches (D:2)
  9 goblins
  11 hobgoblins
  9 jackals
  3 kobolds
  3 quokkas
  4 frilled lizards
  6 rats
265 creatures vanquished.

Notes
Turn   | Place    | Note
-------+----------+-------------------------------------------
     0 | D:1      | Graphine the Merfolk Gladiator began the quest for the Orb.
     0 | D:1      | Reached XP level 1. HP: 16/16 MP: 1/1
   103 | D:1      | Reached XP level 2. HP: 23/23 MP: 2/2
   288 | D:1      | Reached XP level 3. HP: 28/28 MP: 3/3
   496 | D:1      | Found a faded altar of an unknown god.
   957 | D:2      | Reached XP level 4. HP: 35/35 MP: 4/4
   960 | D:2      | Reached skill level 5 in Dodging
  1039 | D:2      | Found a burning altar of Makhleb.
  1116 | D:2      | Identified the +5 ring mail of Mumblety Peg {Regen+ Int-5
                  | Dex+3 Stlth+}
  1471 | D:3      | Reached skill level 1 in Axes
  1497 | D:3      | Reached XP level 5. HP: 37/41 MP: 5/5
  1686 | D:3      | Found a blossoming altar of Fedhas.
  1990 | D:4      | Reached XP level 6. HP: 48/48 MP: 6/6
  2022 | D:4      | Reached skill level 6 in Dodging
  2361 | D:4      | Identified the +1 ring mail "Eguin" {Slay+3}
  2397 | D:4      | Noticed Natasha
  2404 | D:4      | Killed Natasha
  2770 | D:4      | Reached XP level 7. HP: 55/55 MP: 7/7
  2843 | D:5      | Entered Level 5 of the Dungeon
  2978 | D:5      | Reached skill level 5 in Fighting
  3011 | D:5      | Noticed Edmund
  3022 | D:5      | Killed Edmund
  3023 | D:5      | Reached skill level 7 in Dodging
  3206 | D:5      | Found an ancient bone altar of Kikubaaqudgha.
  3226 | D:5      | Reached skill level 5 in Axes
  3238 | D:5      | Reached skill level 1 in Stealth
  3238 | D:5      | Reached XP level 8. HP: 64/64 MP: 8/8
  3271 | D:5      | Learned a level 2 spell: Wereblood
  3473 | D:5      | Reached skill level 1 in Transmutations
  3515 | D:5      | Found a stormy altar of Qazlal.
  3752 | D:5      | Reached skill level 8 in Dodging
  3825 | D:6      | Reached skill level 1 in Spellcasting
  4617 | D:7      | Found a sacrificial altar of Ru.
  4618 | D:7      | Found a snail-covered altar of Cheibriados.
  4665 | D:7      | Reached XP level 9. HP: 50/71 MP: 12/12
  4847 | D:7      | Found a staircase to the Ecumenical Temple.
  4874 | Temple   | Entered the Ecumenical Temple
  5124 | Temple   | Became a worshipper of Gozag Ym Sagoz the Greedy
  5250 | D:7      | Reached skill level 9 in Dodging
  5345 | D:7      | You are sucked into a shaft and drop 2 floors!
  5466 | D:7      | Noticed Menkaure
  5474 | D:7      | Killed Menkaure
  5755 | D:7      | Found Tolom's Jewellery Boutique.
  6294 | D:8      | Reached skill level 5 in Stealth
  6402 | D:8      | Reached skill level 10 in Dodging
  6402 | D:8      | Reached XP level 10. HP: 73/80 MP: 14/14
  6503 | D:8      | Found a hide-covered altar of Uskayaw.
  6777 | D:8      | Found a shimmering altar of Xom.
  6922 | D:8      | Found a basalt altar of Yredelemnul.
  7281 | D:9      | Found Ricliyrgh's Changing Room.
  7293 | D:9      | Gained mutation: Potions are less effective at restoring
                  | your health. [potion of mutation]
  7293 | D:9      | Gained mutation: You occasionally lose the ability to read
                  | scrolls when taking damage. [potion of mutation]
  7293 | D:9      | Gained mutation: Your flesh is cold resistant. (rC+)
                  | [potion of mutation]
  7306 | D:9      | Found a radiant altar of Vehumet.
  7306 | D:9      | Found an ornate altar of the Wu Jian Council.
  7306 | D:9      | Found an iron altar of Okawaru.
  7307 | D:9      | Found a sparkling altar of Nemelex Xobeh.
  7386 | D:9      | Found a staircase to the Orcish Mines.
  7854 | D:7      | Bought the ring of the Republic {AC+4 Slay+2} for 719 gold
                  | pieces
  7944 | D:9      | Found a glowing golden altar of the Shining One.
  8023 | D:9      | Noticed Grum
  8044 | D:9      | Killed Grum
  8053 | D:9      | Reached skill level 11 in Dodging
  8176 | D:9      | Found a staircase to the Lair.
  8435 | D:9      | Reached XP level 11. HP: 89/89 MP: 15/15
  8867 | D:10     | Entered Level 10 of the Dungeon
  8946 | Orc:1    | Entered Level 1 of the Orcish Mines
  9103 | Orc:2    | Entered Level 2 of the Orcish Mines
  9103 | Orc:2    | Found a staircase to the Elven Halls.
  9104 | Orc:2    | Noticed an orc sorcerer
  9113 | Orc:2    | Killed an orc sorcerer
  9148 | Orc:2    | Reached skill level 10 in Axes
  9195 | Orc:2    | Reached skill level 12 in Dodging
  9213 | Orc:2    | Noticed an orc high priest
  9221 | Orc:2    | Killed an orc high priest
  9222 | Orc:2    | Reached skill level 10 in Fighting
  9235 | Orc:2    | Noticed an orc high priest
  9243 | Orc:2    | Noticed a sun demon
  9265 | Orc:2    | Slain by a sun demon

Illustrated notes

Levels and vault maps discovered:
D:1:      matt_arrival_grand_opening, layout_loops_ring,
          shapermc_ecumenical_altar_mp_highgroup, corner_web_ring
D:2:      layout_rooms, basic_altar, minmay_worlds_worst_comb
D:3:      layout_basic, fedhas_ov_isle_minmay
D:4:      layout_basic, serial_aquarium, aquarium_bridge_square
          [aquarium_subvault_bridge, aquarium_subvault_bridge,
          aquarium_subvault_wall, aquarium_subvault_wall],
          aquarium_bridge_long_joined [aquarium_subvault_bridge,
          aquarium_subvault_bridge, aquarium_subvault_window,
          aquarium_subvault_window, aquarium_subvault_bridge,
          aquarium_subvault_window], aquarium_window_corridor_1,
          aquarium_window_2, aquarium_view_2d, aquarium_view_2d,
          aquarium_balcony_double_1, aquarium_pool_2, nicolae_titane,
          uniq_natasha
D:5:      layout_loops_ring, kennysheep_vampire_church,
          mainiacjoe_overflow_surrounded_room, palyth_stone_intersect,
          uniq_edmund
D:6:      layout_layer_cave
D:7:      layout_basic, jmf_multi_god_temple, minmay_temple_entry_grid,
          nicolae_inconvenience_store, uniq_menkaure
D:8:      layout_basic, tgw_xom, mainiacjoe_overflow_paths, lemuel_tele_altar
D:9:      layout_loops_corners, chequers_temple_overflow_statue_of_worship,
          lemuel_doored_altar, due_lair_maze_entry_diamond, david_orc_5,
          nicolae_transmutations_shop, minmay_misc_feat_more_columns, uniq_grum
D:10:     hellmonk_paralyzer, layout_rooms, uniq_harold
Temple:   chequers_temple_sunken
Orc:1:    layout_caves, serial_shops, shop
Orc:2:    st_orc_town, layout_caves, gammafunk_ghost_berserking_beasts,
          minmay_orc_temple_a, uniq_maurice

Skill      XL: |  1  2  3  4  5  6  7  8  9 10 11 |
---------------+----------------------------------+-----
Long Blades    | 4 |  4.4
Fighting       | 3 4 5 6 7 9 10 | 10.0
Dodging        | 5 6 7 8 10 11 12 | 12.2
Axes           | 1 2 3 5 6 7 9 10 | 10.2
Stealth        | 1 3 5 7 8 |  8.9
Transmutations | 3 |  3.0
Spellcasting   | 2 3 |  3.0
Throwing       | |  2.0

Action                     |  1- 3 |  4- 6 |  7- 9 | 10-12 || total
---------------------------+-------+-------+-------+-------++-------
  Melee: Long sword        |    87 |    19 |       |       ||   106
         Hand axe          |       |    32 |       |       ||    32
         War axe           |       |   175 |   288 |       ||   463
         Punch             |       |     2 |     3 |       ||     5
         Battleaxe         |       |       |    59 |   324 ||   383
  Throw: Javelin           |     2 |       |       |       ||     2
         Dart              |     3 |    25 |     6 |     3 ||    37
         Throwing net      |       |     2 |       |       ||     2
         Boomerang         |       |       |     6 |       ||     6
  Evoke: Wand              |       |       |     1 |       ||     1
    Use: Scroll            |     3 |     4 |     7 |    10 ||    24
         Potion            |     2 |       |       |     5 ||     7
   Stab: Sleeping          |     2 |     5 |     7 |     8 ||    22
         Distracted        |       |     1 |     1 |     6 ||     8
         Invisible         |       |       |     1 |       ||     1
 Armour: Leather armour    |    23 |    16 |       |       ||    39
         Ring mail         |       |   101 |   174 |   121 ||   396
  Dodge: Dodged            |    65 |   176 |   368 |   314 ||   923
